 Dungeon Crawl Stone Soup version 0.16-a0-3171-gce70061 (webtiles) character file.

564 Johnny the Bolt Thrower (level 7, -7/54 HPs)
             Began as a Human Hunter on Dec 16, 2014.
             Killed from afar by Pikel (26 damage)
             ... with a wand of draining
             ... on level 4 of the Dungeon.
             The game lasted 00:02:36 (2993 turns).

Johnny the Bolt Thrower (Human Hunter)              Turns: 2993, Time: 00:02:36

Health: -7/54      AC:  3    Str: 12    XL:     7   Next: 58%
Magic:  7/7        EV: 13    Int: 12    God:
Gold:   246        SH:  0    Dex: 15    Spells: 0 memorised, 6 levels left

rFire  . . .     SeeInvis .     b - +1 hand crossbow
rCold  . . .     Clarity  .     d - +0 leather armour
rNeg   . . .     SustAb   .     (no shield)
rPois  .         Gourm    .     (no helmet)
rElec  .         Spirit   .     (no cloak)
rCorr  .         Warding  .     (no gloves)
rMut   .         Rnd*Tele +     (no boots)
MR     .....                    (no amulet)
Stlth  +.........               C - ring of teleportation (curse)
                                v - ring of teleport control

@: lethally poisoned, drained, not resistant to hostile enchantments, very
unstealthy
A: no striking features
a: Evoke Teleportation, Evoke Teleport Control


You were on level 4 of the Dungeon.
You were not hungry.

You visited 1 branch of the dungeon, and saw 4 of its levels.

You collected 246 gold pieces.

Inventory:

Hand weapons
 a - a cursed +0 short sword
 b - a +1 hand crossbow (weapon)
Missiles
 c - 2 bolts (quivered)
 B - 15 bolts of penetration
Armour
 d - a +0 leather armour (worn)
Jewellery
 v - a ring of teleport control (left hand)
 C - a cursed ring of teleportation (right hand)
Scrolls
 e - 2 scrolls of remove curse {unknown}
 k - a scroll of teleportation
 l - a scroll of recharging {unknown}
 o - 2 scrolls of magic mapping {unknown}
 q - a scroll of immolation {unknown}
 s - a scroll of identify {unknown}
 t - 2 scrolls of random uselessness {unknown}
 x - a scroll of enchant armour {unknown}
 y - a scroll of enchant weapon {unknown}
 A - a scroll of blinking {unknown}
Potions
 g - 2 potions of might {unknown}
 h - a potion of lignification {unknown}
 i - a potion of magic {unknown}
 j - 2 potions of brilliance {unknown}
 m - a potion of resistance {unknown}
 n - 2 potions of cure mutation {unknown}
 u - a potion of haste {unknown}
 w - 2 potions of heal wounds {unknown}
 z - 2 potions of curing {unknown}
Comestibles
 f - 5 bread rations
 p - a slice of pizza
 r - a meat ration


   Skills:
 + Level 4.2(3.6) Fighting
 * Level 6.7(6.1) Crossbows
 + Level 4.2(3.6) Dodging
 - Level 1.0(0.4) Stealth


You had 6 spell levels left.
You didn't know any spells.

Dungeon Overview and Level Annotations

Branches:
Dungeon (4/15)
 Temple: D:4-7

Altars:

Annotations:
D:4 Pikel


Message History

Aim: a worker ant (heavily wounded)
You shoot a bolt. The bolt closely misses the worker ant.
The bolt hits Pikel.
Pikel is lightly wounded.
You feel sick. The worker ant bites you!
Firing (i - inventory. (,) - cycle):
c - 4 bolts (quivered)
Press: ? - help, Shift-Dir - straight line, f/p - worker ant
Aim: a worker ant (heavily wounded)
You shoot a bolt. The bolt hits the worker ant.
The worker ant is severely wounded.
You feel sick.
The worker ant bites you but does no damage.
The worker ant misses you.
Firing (i - inventory. (,) - cycle):
c - 3 bolts (quivered)
Press: ? - help, Shift-Dir - straight line, f/p - worker ant
Aim: a worker ant (severely wounded)
You shoot a bolt. The bolt hits the worker ant!
You kill the worker ant!
You feel sick.
Pikel zaps a wand.
The bolt of negative energy hits you!
You feel drained.
You die...

. )>.
.....p######
...(.ppK[@.#
....(.####.#
... ... .
##... #.##
.# # ##+##
##...##


You could see Pikel and 3 slaves.

Vanquished Creatures
  Menkaure (D:4)
  A slave (D:4)
  2 ogres (D:4)
  A crimson imp (D:4)
  A hound (D:4)
  An orc priest (D:4)
  2 worker ants (D:4)
  4 adders
  A gnoll (D:1)
  A giant mite (D:2)
  3 worms
  2 giant geckos
  5 orcs
  A bat skeleton (D:4)
  3 giant cockroaches
  5 hobgoblins
  5 jackals (D:2)
  A quokka (D:2)
  A ball python (D:1)
  7 bats
  A giant newt (D:2)
  6 goblins
  5 kobolds
  8 rats
68 creatures vanquished.

Notes
Turn   | Place    | Note
--------------------------------------------------------------
     0 | D:1      | Johnny, the Human Hunter, began the quest for the Orb.
     0 | D:1      | Reached XP level 1. HP: 16/16 MP: 1/1
   119 | D:1      | Reached XP level 2. HP: 22/22 MP: 2/2
   744 | D:2      | Reached XP level 3. HP: 13/28 MP: 3/3
  1239 | D:2      | Reached XP level 4. HP: 34/34 MP: 4/4
  1776 | D:3      | Reached skill level 5 in Crossbows
  1815 | D:3      | Reached XP level 5. HP: 40/40 MP: 5/5
  2628 | D:4      | Noticed an ogre
  2630 | D:4      | Noticed Menkaure
  2633 | D:4      | Killed an ogre
  2633 | D:4      | Reached XP level 6. HP: 18/47 MP: 6/6
  2643 | D:4      | Killed Menkaure
  2643 | D:4      | Reached skill level 6 in Crossbows
  2839 | D:4      | Reached XP level 7. HP: 27/53 MP: 7/7
  2941 | D:4      | Noticed an ogre
  2949 | D:4      | Killed an ogre
  2972 | D:4      | Noticed Pikel
  2972 | D:4      | Noticed a slave
  2973 | D:4      | Noticed a slave
  2973 | D:4      | Noticed a slave
  2973 | D:4      | Noticed a slave
  2990 | D:4      | Killed a slave
  2993 | D:4      | Killed from afar by Pikel

Action                   |  1- 3 |  4- 6 |  7- 9 || total
-------------------------+-------+-------+-------++-------
 Fire: Hand crossbow     |    63 |    98 |    51 ||   212
  Use: Scroll            |       |       |     1 ||     1
  Eat: Pizza             |       |     1 |       ||     1
       Meat ration       |       |     1 |       ||     1
